Map: King Sejong Station LE

Players

MygraiN - Winner!

  • Race: Protoss Protoss
  • League: Grandmaster

xKawaiian

  • Race: Terran Terran
  • League: Master

Event: Cheesadelphia Summer 2016

VOD

Have the link to the VOD?

Description

Time

  • Played on: July 23, 2016, 12:06 p.m.
  • Length: 13:39

All games in this series

Show
View Real Time Build Order
Export as new Build Order

MygraiN Protoss - Winner!

Build Orders: Oracle Opening 

Get SALT Encoding   

  12  0:02  Probe (Chrono Boost)  
  13  0:12  Probe (Chrono Boost)  
  14  0:18  Pylon  
  14  0:23  Probe (Chrono Boost)  
  15  0:36  Probe (Chrono Boost)  
  15  0:38  Gateway  
  16  0:45  Assimilator  
  16  0:46  Probe (Chrono Boost)  
  18  0:57  Probe (Chrono Boost)  
  18  0:58  Assimilator  
  18  1:07  Probe (Chrono Boost)  
  19  1:18  Probe (Chrono Boost)  
  20  1:25  Cybernetics Core  
  20  1:29  Probe (Chrono Boost)  
  21  1:33  Pylon  
  21  1:39  Probe (Chrono Boost)  
  22  1:50  Probe (Chrono Boost)  
  23  1:56  Nexus  
  23  1:59  Adept  
  23  2:05  Warp Gate  
  25  2:11  Probe (Chrono Boost)  
  26  2:20  Stargate  
  28  2:31  Adept, Mothership Core (Chrono Boost)  
  30  2:45  Pylon  
  30  2:50  Probe (Chrono Boost)  
  31  3:00  Oracle  
  31  3:05  Probe (Chrono Boost)  
  35  3:09  Probe (Chrono Boost)  
  35  3:17  Probe (Chrono Boost)  
  35  3:19  Gateway  
  37  3:20  Probe (Chrono Boost)  
  37  3:30  Probe (Chrono Boost)  
  37  3:32  Oracle  
  38  3:36  Gateway  
  38  3:38  Probe (Chrono Boost)  
  42  3:42  Pylon  
  42  3:47  Probe (Chrono Boost)  
  43  3:49  Probe (Chrono Boost)  
  44  3:59  Probe x2 (Chrono Boost)  
  46  4:10  Probe (Chrono Boost)  
  46  4:11  Probe (Chrono Boost)  
  44  4:20  Probe (Chrono Boost)  
  44  4:23  Twilight Council, Probe (Chrono Boost)  
  46  4:24  Forge  
  46  4:29  Pylon  
  46  4:31  Probe (Chrono Boost)  
  47  4:34  Probe (Chrono Boost)  
  48  4:41  Probe (Chrono Boost)  
  48  4:44  Probe (Chrono Boost)  
  48  4:45  Protoss Ground Weapons Level 1  
  50  4:47  Adept x3  
  50  4:48  Resonating Glaives  
  50  4:52  Probe (Chrono Boost)  
  57  4:55  Probe (Chrono Boost)  
  58  5:04  Probe (Chrono Boost)  
  60  5:07  Probe (Chrono Boost)  
  60  5:08  Nexus  
  60  5:11  Pylon  
  60  5:14  Sentry, Adept  
  60  5:15  Adept  
  60  5:16  Probe (Chrono Boost)  
  67  5:22  Pylon  
  67  5:25  Probe (Chrono Boost)  
  69  5:28  Probe (Chrono Boost)  
  69  5:29  Pylon  
  69  5:30  Assimilator  
  70  5:36  Adept  
  70  5:37  Probe (Chrono Boost)  
  72  5:44  Stalker  
  72  5:45  Stalker  
  76  5:55  Probe x2 (Chrono Boost)  
  76  5:57  Robotics Facility  
  78  6:00  Assimilator, Pylon  
  78  6:02  Pylon  
  78  6:04  Stalker  
  78  6:07  Probe (Chrono Boost)  
  78  6:10  Probe (Chrono Boost)  
  81  6:20  Probe (Chrono Boost)  
  81  6:22  Probe (Chrono Boost)  
  82  6:25  Blink  
  82  6:27  Probe (Chrono Boost)  
  82  6:30  Photon Cannon  
  82  6:32  Probe (Chrono Boost), Photon Cannon  
  84  6:33  Sentry, Adept  
  84  6:34  Adept  
  84  6:39  Probe (Chrono Boost)  
  92  6:41  Probe (Chrono Boost)  
  92  6:44  Probe (Chrono Boost), Observer  
  94  6:50  Probe (Chrono Boost)  
  95  6:55  Adept  
  95  6:56  Adept x2  
  95  6:59  Pylon  
  101  7:05  Observer  
  102  7:08  Probe (Chrono Boost)  
  102  7:10  Probe x2 (Chrono Boost), Protoss Ground Armor Level 1  
  103  7:18  Adept  
  103  7:19  Adept  
  103  7:20  Adept  
  108  7:22  Probe (Chrono Boost)  
  108  7:25  Probe (Chrono Boost)  
  108  7:26  Probe (Chrono Boost), Observer  
  108  7:29  Pylon x2  
  109  7:31  Pylon  
  109  7:36  Gateway  
  109  7:38  Gateway  
  109  7:39  Gateway  
  109  7:40  Gateway  
  109  7:41  Gateway  
  109  7:43  Adept  
  111  7:44  Immortal, Stalker x2  
  111  7:50  Probe (Chrono Boost)  
  120  8:05  Pylon  
  120  8:08  Pylon  
  120  8:09  Stalker x3  
  126  8:16  Probe x2 (Chrono Boost)  
  126  8:19  Immortal  
  128  8:22  Assimilator x2  
  132  8:33  Nexus  
  132  8:34  Pylon  
  132  8:36  Adept x3  
  138  8:54  Adept x5  
  121  9:06  Stalker  
  121  9:07  Stalker x2  
  99  9:14  Adept  
  99  9:15  Adept x4  
  104  9:18  Protoss Ground Weapons Level 2  
  98  9:30  Immortal  
  86  9:32  Stalker  
  86  9:33  Stalker x2  
  86  9:37  Stalker  
  96  9:42  Nexus  
  96  9:44  Photon Cannon x2  
  96  9:47  Adept x3, Pylon  
  99  9:59  Stalker x4  
  99  10:07  Adept x4  
  99  10:10  Observer  
  109  10:22  Probe (Chrono Boost)  
  109  10:25  Adept x4  
  117  10:31  Forge  
  117  10:35  Stalker x4  
  125  10:46  Stalker x4  
  130  11:02  Immortal  
  130  11:03  Protoss Ground Armor Level 2  
  130  11:05  Adept x4  
  142  11:12  Stargate  
  142  11:18  Adept x4  
  150  11:33  Pylon  
  150  11:36  Warp Prism, Pylon  
  150  11:39  Adept x3, Pylon  
  156  11:41  Pylon  
  158  11:54  Adept x3  
  158  11:55  Adept x2  
  168  12:02  Adept x3  
  174  12:15  Adept x4  
  179  12:23  Observer  
  179  12:24  Adept x2  
  179  12:25  Adept x2  
  188  12:36  Adept x3  
  192  12:40  Stalker  
  178  12:52  Adept x4  
  186  13:07  Adept  
  186  13:11  Adept x2  
  186  13:12  Adept  
Show
View Real Time Build Order
Export as new Build Order

xKawaiian Terran 

Build Orders: Reaper Expand, MMM Bio 

Get SALT Encoding   

  12  0:00  SCV  
  13  0:12  SCV  
  14  0:17  Supply Depot  
  14  0:24  SCV  
  15  0:39  SCV  
  15  0:40  Barracks  
  16  0:46  Refinery  
  16  0:51  SCV  
  17  1:03  SCV  
  18  1:15  SCV  
  19  1:27  Orbital Command  
  19  1:28  Reaper  
  20  1:40  Command Center  
  20  1:50  Supply Depot  
  20  1:53  SCV  
  21  2:05  Barracks  
  21  2:06  Barracks Reactor  
  21  2:07  SCV  
  22  2:16  Barracks  
  22  2:19  SCV  
  23  2:31  SCV  
  24  2:43  Marine x2, SCV  
  27  2:52  Orbital Command  
  27  2:54  Barracks Tech Lab  
  27  2:55  Factory, SCV  
  28  2:59  Refinery  
  28  3:02  Marine x2  
  28  3:05  Marine  
  31  3:07  SCV  
  32  3:15  Stimpack  
  32  3:18  SCV  
  32  3:19  SCV  
  34  3:22  Marine  
  34  3:30  Marine, SCV  
  34  3:31  Marine, SCV  
  38  3:37  Marine  
  38  3:40  Starport, Marine  
  40  3:44  Factory Reactor  
  40  3:46  SCV  
  40  3:47  Marine  
  42  3:49  Marine  
  42  3:50  Supply Depot  
  42  3:52  SCV  
  42  3:55  Marine  
  45  3:58  SCV  
  46  4:06  SCV  
  42  4:11  Marine x2  
  39  4:18  Marine x2  
  39  4:20  SCV  
  39  4:21  Engineering Bay  
  39  4:23  SCV  
  43  4:26  Medivac  
  43  4:28  Marine  
  43  4:29  Marine, Medivac  
  49  4:32  SCV  
  49  4:35  Marine, SCV  
  49  4:36  Marine  
  50  4:44  SCV  
  45  4:51  Missile Turret  
  41  4:53  Marine x2  
  41  4:56  SCV  
  41  4:59  SCV  
  46  5:01  Missile Turret  
  46  5:04  Marine  
  47  5:08  SCV  
  47  5:11  Barracks Reactor, Marine x2  
  47  5:12  Medivac  
  51  5:14  SCV  
  51  5:20  SCV  
  53  5:21  Supply Depot  
  53  5:27  Supply Depot  
  53  5:28  Combat Shields  
  53  5:29  SCV  
  54  5:41  Marine  
  54  5:42  Widow Mine, Marine  
  54  5:43  Marauder  
  54  5:47  SCV  
  60  5:51  Marine x2, Refinery  
  60  5:52  Supply Depot  
  59  5:59  Marine  
  59  6:00  Marine  
  59  6:01  SCV x2  
  63  6:04  Marauder  
  63  6:05  Supply Depot  
  63  6:09  Marine x2  
  63  6:10  Terran Infantry Weapons Level 1  
  67  6:13  SCV  
  67  6:18  Marine  
  67  6:19  Marine  
  67  6:20  SCV  
  67  6:23  Liberator  
  67  6:25  SCV  
  69  6:26  Marauder  
  69  6:27  Marine  
  69  6:28  Marine  
  73  6:35  Marine  
  73  6:37  Marine, Barracks x2  
  75  6:43  SCV x2  
  75  6:44  Liberator  
  80  6:47  Widow Mine  
  80  6:50  Concussive Shells  
  80  6:51  Marine  
  83  6:55  SCV x2  
  84  7:05  Marine  
  84  7:06  Marauder  
  86  7:13  Supply Depot, Marine  
  86  7:14  SCV  
  86  7:17  Marine x2  
  86  7:21  SCV  
  85  7:23  Marine  
  85  7:27  SCV, Marauder  
  83  7:31  Barracks Tech Lab, Barracks Reactor, Marine  
  83  7:34  SCV  
  83  7:37  Supply Depot, Marine, Refinery  
  85  7:38  Factory Reactor  
  86  7:45  Liberator, Marine  
  86  7:47  Marine  
  86  7:49  Marauder  
  90  7:54  Marine  
  90  7:55  Marauder  
  90  7:57  SCV  
  94  7:59  Marine  
  94  8:01  Supply Depot  
  94  8:03  Medivac  
  94  8:05  Terran Infantry Armor Level 1  
  100  8:09  Marine  
  100  8:10  Marauder  
  101  8:14  Marine  
  102  8:22  Marine  
  102  8:23  Marauder  
  105  8:31  SCV  
  105  8:32  Marine x2  
  105  8:33  Marauder  
  110  8:37  Supply Depot  
  110  8:38  Supply Depot  
  110  8:39  Supply Depot  
  110  8:40  Widow Mine x2  
  110  8:41  Marine x2  
  115  8:43  Marine  
  117  8:49  Marine  
  117  8:53  Marauder  
  118  8:58  Marine  
  118  8:59  Marauder  
  118  9:02  Marine  
  113  9:05  Marine  
  104  9:10  Widow Mine x2, Marine x2  
  104  9:15  Marauder  
  111  9:20  Marauder  
  111  9:23  Marine  
  102  9:29  Marine x3  
  93  9:33  Marine  
  93  9:34  Medivac x2, Marine  
  93  9:36  Command Center, Marauder  
  93  9:37  SCV  
  102  9:41  Marauder  
  102  9:43  SCV  
  102  9:45  Armory  
  101  9:54  Marine x2  
  101  9:55  Marine  
  101  9:58  Marauder  
  99  10:00  Marine  
  99  10:02  SCV  
  99  10:03  Marauder, SCV  
  100  10:11  Engineering Bay  
  100  10:16  Marine  
  100  10:18  Widow Mine x2, Marine  
  100  10:19  Marauder  
  100  10:20  SCV  
  102  10:23  Marine  
  102  10:24  Marauder  
  102  10:25  Marine x2  
  102  10:28  SCV  
  105  10:36  SCV  
  105  10:39  Terran Infantry Weapons Level 2  
  105  10:40  Marauder  
  108  10:46  Terran Infantry Armor Level 2  
  108  10:50  SCV  
  87  10:59  Marine  
  87  11:00  SCV, Marauder  
  87  11:01  Orbital Command  
  87  11:03  Marine, Marauder  
  83  11:04  Marine  
  83  11:09  Marine  
  83  11:10  Marine  
  86  11:14  Marine  
  86  11:17  Medivac  
  89  11:19  Medivac  
  89  11:21  Marauder  
  89  11:23  SCV  
  89  11:24  Marine, Marauder  
  97  11:25  Marine  
  97  11:31  SCV  
  99  11:33  Marine x2  
  99  11:34  Marine  
  99  11:38  Marine  
  103  11:43  Marine, Marauder  
  103  11:44  Marine  
  103  11:45  Marauder  
  109  11:48  Widow Mine  
  109  11:51  Marine  
  109  11:53  Marine x2  
  114  11:56  Medivac  
  114  11:57  Medivac  
  114  11:58  Marine  
  114  12:00  SCV  
  120  12:04  Marauder  
  120  12:07  Marauder  
  124  12:10  SCV  
  124  12:12  Starport, Refinery  
  124  12:13  Fusion Core, Refinery  
  123  12:16  Marine  
  123  12:18  Widow Mine, Marine  
  123  12:22  SCV  
  128  12:25  Marauder  
  128  12:28  Marauder  
  128  12:29  Marine  
  133  12:30  Marine  
  133  12:33  Marine  
  134  12:40  Marine  
  127  12:47  Marauder  
  127  12:50  Marauder  
  114  12:54  Marine  
  114  12:57  Marine  
  114  13:05  Marine x2  
  106  13:07  Command Center  
  106  13:08  Marauder  
  106  13:09  Marine, SCV  
  106  13:11  Marauder  
Tags
 
Add a new tag
Caveats
  • Supply blocks, unpowered buildings, or Contaminate may cause inaccurate times.
  • Supply counts are checked every 10 seconds.